 Dungeon Crawl Stone Soup version 0.20-a0-792-g09bcfd3 (webtiles) character file.

2142 Alarkh the Cleaver (level 9, 40/71 HPs)
             Began as a Demonspawn Monk on Feb 28, 2017.
             Was a Priest of Okawaru.
             Quit the game on level 9 of the Dungeon.
             The game lasted 00:10:54 (8068 turns).

Alarkh the Cleaver (Demonspawn Monk)                Turns: 8068, Time: 00:10:55

Health: 40/71      AC: 12    Str: 11    XL:     9   Next: 9%
Magic:  9/9        EV: 19    Int: 14    God:    Okawaru [***...]
Gold:   302        SH:  0    Dex: 17    Spells: 8/8 levels left

rFire    . . .     SeeInvis .   a - +2 war axe
rCold    . . .     Gourm    .   x - +4 ring mail {MR+}
rNeg     . . .     Faith    .   (no shield)
rPois    .         Spirit   +   s - +1 helmet
rElec    .         Reflect  .   E - +0 cloak
rCorr    .         Harm     .   (no gloves)
MR       ++...                  (no boots)
Stlth    +.........             (no amulet)
Regen    0.3/turn               i - +2 ring of evasion
MPRegen  0.2/turn               I - ring of protection from magic

@: no status effects
A: claws 1, repulsion field 2, demonic guardian 2, magic shield
a: Heroism, Renounce Religion


You were on level 9 of the Dungeon.
You worshipped Okawaru.
Okawaru was most pleased with you.
You were hungry.

You visited 2 branches of the dungeon, and saw 10 of its levels.
You also visited: Sewer.

You collected 403 gold pieces.
You spent 101 gold pieces at shops.

Inventory:

Hand Weapons
 a - a +2 war axe (weapon)
 t - a +0 dagger of electrocution
 K - a +1 hand axe
Armour
 e - the +0 pair of gloves of the Vacuum {rElec rPois rF- rC+}
   (You found it on level 7 of the Dungeon)

   It makes you vulnerable to fire.
   It protects you from cold.
   It insulates you from electricity.
   It protects you from poison.
 s - a +1 helmet (worn)
 x - a +4 ring mail of magic resistance (worn)
 E - a +0 cloak (worn)
Jewellery
 i - a +2 ring of evasion (right claw)
 k - an uncursed ring of protection from cold
 I - a ring of protection from magic (left claw)
 J - an uncursed ring of teleportation
Wands
 b - a wand of paralysis (5/24)
Scrolls
 f - a scroll of fear {unknown}
 j - 4 scrolls of remove curse
 p - 2 scrolls of enchant armour {unknown}
 v - a scroll of blinking {unknown}
 y - 3 scrolls of teleportation {unknown}
 z - 2 scrolls of fog {unknown}
 A - a scroll of noise {unknown}
 F - a scroll of random uselessness {unknown}
Potions
 d - 3 potions of flight
 g - a potion of cancellation
 h - 3 potions of brilliance
 l - 2 potions of haste
 q - 2 potions of agility
 r - 4 potions of degeneration {unknown}
 w - a potion of curing
 B - a potion of lignification
 C - a potion of resistance
 G - a potion of heal wounds
 H - 2 potions of invisibility
Books
 D - a book of Battle

   Spells                             Type                      Level
   a - Infusion                       Charms                       1
   b - Shroud of Golubria             Charms/Translocation         2
   c - Song of Slaying                Charms                       2
   d - Spectral Weapon                Hexes/Charms                 3
   e - Regeneration                   Charms/Necromancy            3
Comestibles
 c - 5 bread rations
 m - 3 meat rations
 n - 2 royal jellies
 u - 3 fruits


   Skills:
 + Level 6.6 Fighting
 * Level 8.2 Axes
 + Level 6.2 Dodging
 - Level 1.7 Stealth


You had 8 spell levels left.
You didn't know any spells.

Dungeon Overview and Level Annotations

Branches:
Dungeon (9/15)             Temple (1/1) D:6
   Lair: D:8-11         Orc: D:9-12

Altars:
Ashenzari
Dithmenos
Fedhas
Gozag
Hepliaklqana
Kikubaaqudgha
Makhleb
Nemelex Xobeh
Okawaru
Qazlal
Ru
Trog
Uskayaw
Vehumet
Wu Jian
Xom
Yredelemnul
The Shining One

Shops:
D:5 *


Innate Abilities, Weirdness & Mutations

You have sharp fingernails.
You are surrounded by a moderate repulsion field. (EV +3)
A demonic guardian rushes to your aid.
When hurt, damage is shared between your health and your magic reserves.


Message History

You are too injured to fight recklessly!
The helpless giant cockroach fails to defend itself.
You slash the giant cockroach!
You kill the giant cockroach!
Okawaru accepts your kill.
You see here a giant cockroach corpse.
Found a meat ration.
Found a stone staircase leading down.
(D) Dungeon (T) Temple
Where to? (Enter - D:8, ? - help)
You are feeling hungry.
A two-headed ogre comes into view.
It is wielding a giant spiked club and a giant club.
There is a stone staircase leading down here.
You climb downwards.
There is a stone staircase leading up here.
Found a marble ring.
An adder comes into view.
A sky beast comes into view.
Found a hunting sling.
The adder hisses angrily.
Are you sure you want to abandon this character and quit the game? (Confirm with "yes".)

##########..
............
#...)......#
#..........#
#.......S..#
#..........#
#.....Y....#
#..@.......#
#..........# #
#=.........# .#
#..........####.####
......................
.......................
..####.................
.. #.................
#.................


You could see a sky beast and an adder.

Vanquished Creatures
  4 phantoms
  An ice beast (D:5)
  A sky beast (D:6)
  A centaur (D:5)
  2 bullfrogs
  A wyvern zombie (D:7)
  A water moccasin zombie (D:5)
  2 howler monkeys
  A centaur zombie (D:7)
  A bullfrog zombie (D:6)
  2 jellies (D:7)
  A bullfrog skeleton (D:6)
  2 hounds (D:6)
  An orc priest (D:6)
  Crazy Yiuf (D:5)
  Jessica (D:3)
  A worker ant (D:6)
  Terence (D:3)
  A hound skeleton (D:6)
  Robin (D:2)
  A howler monkey skeleton (D:7)
  9 adders
  A shadow imp (D:5)
  5 oozes (Sewer)
  11 worms
  2 dart slugs
  5 leopard geckos
  4 orcs
  19 bats
  6 giant cockroaches
  14 goblins
  12 hobgoblins
  15 jackals
  8 kobolds
  A quokka (D:4)
  5 ball pythons
  8 frilled lizards
  A giant cockroach zombie (D:6)
  A quokka skeleton (D:7)
  9 rats
  2 fungi (D:4)
166 creatures vanquished.

Vanquished Creatures (collateral kills)
  The ghost of esteth the Spear-Bearer, a novice MfSk of Yredelemnul (D:7)
  An orc warrior (D:6)
  An ice beast (D:7)
  A centaur (D:6)
  2 bullfrogs (D:6)
  A howler monkey (D:7)
  A crimson imp (D:4)
  A centaur skeleton (D:7)
  3 goblins (D:2)
  A hobgoblin (D:2)
13 creatures vanquished.

Grand Total: 179 creatures vanquished

Notes
Turn   | Place    | Note
-------+----------+-------------------------------------------
     0 | D:1      | Alarkh the Demonspawn Monk began the quest for the Orb.
     0 | D:1      | Reached XP level 1. HP: 18/18 MP: 1/1
   558 | D:1      | Gained mutation: A weak demonic guardian rushes to your aid. [demonic ancestry]
   558 | D:1      | Reached XP level 2. HP: 24/24 MP: 2/2
   603 | D:1      | Reached skill level 3 in Axes
  1210 | D:1      | Gained mutation: You are surrounded by a mild repulsion field. (EV +2) [demonic ancestry]
  1210 | D:1      | Reached XP level 3. HP: 22/29 MP: 3/3
  1549 | D:2      | Noticed Robin
  1561 | D:2      | Killed Robin
  1677 | D:2      | Reached XP level 4. HP: 14/35 MP: 4/4
  1953 | D:2      | Reached skill level 4 in Axes
  2624 | D:3      | Gained mutation: You have sharp fingernails. [demonic ancestry]
  2624 | D:3      | Reached XP level 5. HP: 28/42 MP: 5/5
  2802 | D:3      | Noticed Terence
  2817 | D:3      | Killed Terence
  3181 | D:3      | Noticed Jessica
  3188 | D:3      | Killed Jessica
  3217 | D:3      | Found a bloodstained altar of Trog.
  3444 | D:3      | Found an ornate altar of the Wu Jian Council.
  3665 | D:4      | Found a blossoming altar of Fedhas.
  3727 | D:4      | Found a shattered altar of Ashenzari.
  3979 | D:4      | Gained mutation: You are surrounded by a moderate repulsion field. (EV +3) [demonic ancestry]
  3979 | D:4      | Reached XP level 6. HP: 46/48 MP: 6/6
  4203 | D:5      | Entered Level 5 of the Dungeon
  4218 | D:5      | Found Xeyloare's Assorted Antiques.
  4226 | D:5      | Bought a viscous dark potion for 19 gold pieces
  4226 | D:5      | Bought a scroll of identify for 44 gold pieces
  4226 | D:5      | Bought a smoky red potion for 19 gold pieces
  4226 | D:5      | Bought a viscous dark potion for 19 gold pieces
  4477 | D:5      | Found a runed door.
  4584 | D:5      | Reached skill level 5 in Axes
  4614 | D:5      | Found a shadowy altar of Dithmenos.
  5020 | D:5      | Noticed Crazy Yiuf
  5045 | D:5      | Killed Crazy Yiuf
  5076 | D:5      | Noticed an ice beast
  5133 | D:5      | Killed an ice beast
  5133 | D:5      | Gained mutation: A demonic guardian rushes to your aid. [demonic ancestry]
  5133 | D:5      | Reached XP level 7. HP: 27/55 MP: 7/7
  5291 | D:6      | Reached skill level 5 in Fighting
  5318 | D:6      | Reached skill level 6 in Axes
  5346 | D:6      | Found a stormy altar of Qazlal.
  5403 | D:6      | Found a staircase to the Ecumenical Temple.
  5429 | D:6      | Reached skill level 5 in Dodging
  5441 | Temple   | Entered the Ecumenical Temple
  5472 | Temple   | Became a worshipper of Warmaster Okawaru
  5472 | Temple   | Reached * piety under Okawaru
  5472 | Temple   | Reached ** piety under Okawaru
  5616 | D:6      | Reached XP level 8. HP: 43/63 MP: 8/8
  5727 | D:6      | Found a glowing drain.
  5791 | Sewer    | Entered a sewer
  6921 | D:7      | Reached skill level 7 in Axes
  7771 | D:7      | Got a pair of blackened gloves
  7777 | D:7      | Identified the +0 pair of gloves of the Vacuum {rElec rPois rF- rC+} (You found it on level 7 of the Dungeon)
  8004 | D:7      | Noticed esteth's ghost (novice MfSk)
  8021 | D:7      | Killed esteth's ghost
  8021 | D:7      | Reached *** piety under Okawaru
  8021 | D:7      | Reached skill level 8 in Axes
  8021 | D:7      | Gained mutation: When hurt, damage is shared between your health and your magic reserves. [demonic ancestry]
  8021 | D:7      | Reached XP level 9. HP: 31/71 MP: 6/9
  8050 | D:8      | Noticed a two-headed ogre
  8068 | D:9      | Quit the game

Vault maps used:
D:1:      dpeg_arrival_another_circle
D:2:      serial_curves, eino_curves_04, eino_curves_04, uniq_robin
D:3:      lightli_temple_of_fire, marbit_many_paths, first_bread, uniq_jessica,
          uniq_terence
D:4:      cheibrodos_ashenzari_chains, fedhas_altar_3
D:5:      nicolae_dithmenos_shadow_blocks, serial_shops, shop,
          uniq_crazy_yiuf_cottage
D:6:      grunt_qazlal_clouds, temple_pool_b, gup_sewer_entry_bubbles
D:8:      zin_angel, lemuel_doored_altar, amethyst_overflow_temple_binary,
          uniq_maurice, uniq_prince_ribbit1
D:9:      david_orc_2, hangedman_ranch, uniq_psyche
Temple:   minmay_temple_bridge_abc
Sewer:    sewer_fruit_machine

Skill      XL: |  1  2  3  4  5  6  7  8 |
---------------+-------------------------+-----
Axes           | 3 4 5 6 8 |  8.2
Dodging        | 3 4 5 6 |  6.2
Fighting       | 4 5 6 |  6.6
Stealth        | |  1.7

Action                   |  1- 3 |  4- 6 |  7- 9 || total
-------------------------+-------+-------+-------++-------
Melee: Hand axe          |   114 |   420 |   432 ||   966
       War axe           |       |       |    39 ||    39
Invok: Heroism           |       |       |     1 ||     1
Evoke: Wand              |       |       |     1 ||     1
  Use: Potion            |     1 |     1 |     2 ||     4
       Scroll            |     1 |     6 |     7 ||    14
 Stab: Sleeping          |     7 |     3 |     1 ||    11
       Invisible         |       |     4 |       ||     4
       Paralysed         |       |       |     2 ||     2
       Distracted        |       |       |     1 ||     1
  Eat: Chunk             |     2 |    12 |     8 ||    22
       Fruit             |       |       |     3 ||     3
Armor: Robe              |    16 |    23 |       ||    39
       Ring mail         |       |    53 |   139 ||   192
Dodge: Dodged            |    73 |   318 |   346 ||   737
